 Dungeon Crawl Stone Soup version 0.18-a0-1539-g1c7284a (webtiles) character file.

98 M4edhros the Sneak (level 4, -1/28 HPs)
             Began as an Octopode Artificer on Mar 9, 2016.
             Slain by a jackal (2 damage)
             ... on level 4 of the Dungeon.
             The game lasted 00:01:16 (952 turns).

M4edhros the Sneak (Octopode Artificer)              Turns: 952, Time: 00:01:16

Health: -1/28      AC:  1    Str: 10    XL:     4   Next: 69%
Magic:  6/6        EV: 12    Int: 14    God:
Gold:   41         SH:  0    Dex: 13    Spells: 0 memorised, 3 levels left

rFire  . . .     SeeInvis .     (no weapon)
rCold  . . .     Gourm    .     (no shield)
rNeg   . . .     Faith    .     (helmet restricted)
rPois  .         Spirit   .     (no amulet)
rElec  .         Dismiss  .     (no ring)
rCorr  .         Reflect  .     (no ring)
SustAt .         Harm     .     (no ring)
MR     .....                    (no ring)
Stlth  +++++.....               (no ring)
                                (no ring)
                                (no ring)
                                (no ring)

@: not resistant to hostile enchantments, quite stealthy
A: almost no armour, amphibious, 8 rings, constrict 8, camouflage 1, gelatinous
body 1
a: no special abilities


You were on level 4 of the Dungeon.
You were not hungry.

You visited 1 branch of the dungeon, and saw 4 of its levels.

You collected 41 gold pieces.

Inventory:

Wands
 b - a wand of flame (15/48)
 c - a wand of enslavement (15/24)
 d - a wand of random effects (14/48)
Scrolls
 a - a scroll of amnesia {unknown}
Potions
 g - a potion of curing
Comestibles
 f - a bread ration
 i - a meat ration


   Skills:
 - Level 1.0 Fighting
   Level 1.0 Short Blades
 - Level 2.0 Dodging
 + Level 6.3 Stealth
 - Level 3.2 Evocations


You had 3 spell levels left.
You didn't know any spells.

Dungeon Overview and Level Annotations

Branches:
Dungeon (4/15)
 Temple: D:4-7

Altars:


Innate Abilities, Weirdness & Mutations

You cannot wear most types of armour.
You are amphibious.
You can wear up to eight rings at the same time.
You can use your tentacles to constrict eight enemies at once.
Your skin changes colour to match your surroundings (Stealth).
Your rubbery body absorbs attacks (AC +1).


Message History

You kill the quokka!
The jackal bites you.
* * * LOW HITPOINT WARNING * * *
You closely miss the jackal. Your grab misses the jackal.
The jackal misses you.
You tentacle-slap the jackal. Your grab misses the jackal.
The jackal is moderately wounded.
The jackal bites you.
* * * LOW HITPOINT WARNING * * *
The jackal bites you.
* * * LOW HITPOINT WARNING * * *
You tentacle-slap the jackal. Your grab misses the jackal.
The jackal is heavily wounded.
The jackal bites you.
* * * LOW HITPOINT WARNING * * *
You tentacle-slap the jackal. You grab the jackal.
The jackal is severely wounded.
You constrict the jackal, but do no damage.
The jackal bites you.
You die...

........# .#
........## ##.#
..Z......###..
#.....##..##.#
#.Z..####..#.##
# #..###
##....## .# #..
###...## ..#
#.. #.#..##...#
. #.##.@h..#
#.######.# #.#
..# #.. ..#


You could see a jackal.

Vanquished Creatures
  A howler monkey (D:4)
  A hound (D:4)
  An adder zombie (D:4)
  A dart slug (D:1)
  An orc (D:4)
  3 bats
  2 giant cockroaches (D:1)
  3 hobgoblins
  5 jackals
  4 kobolds
  A quokka (D:4)
  A giant newt (D:1)
  2 rats (D:1)
26 creatures vanquished.

Notes
Turn   | Place    | Note
--------------------------------------------------------------
     0 | D:1      | M4edhros the Octopode Artificer began the quest for the Orb.
     0 | D:1      | Reached XP level 1. HP: 13/13 MP: 3/3
    20 | D:1      | Reached skill level 2 in Stealth
   109 | D:1      | Reached XP level 2. HP: 2/18 MP: 4/4
   524 | D:1      | Reached skill level 3 in Stealth
   891 | D:3      | Reached skill level 4 in Stealth
   901 | D:4      | Noticed a howler monkey
   909 | D:4      | Reached XP level 3. HP: 23/23 MP: 5/5
   910 | D:4      | Reached skill level 5 in Stealth
   910 | D:4      | Reached XP level 4. HP: 28/28 MP: 6/6
   939 | D:4      | Reached skill level 6 in Stealth
   951 | D:4      | HP: 1/28 [jackal (2)]
   952 | D:4      | Slain by a jackal

Vault maps used:
D:1:      minmay_arrival_five_plusses
D:2:      cheibriados_altar_1, nicolae_ru_the_path_less_chosen,
          nicolae_overflow_crystal_walls, first_bread
D:3:      kennysheep_the_goblin_king, lemuel_doored_altar
D:4:      lemuel_temple_firewalk_marked, fedhas_altar_4, uniq_purgy

Skill      XL: |  1  2  3  4 |
---------------+-------------+-----
Stealth        | 2 4 5 6 |  6.3
Fighting       | |  1.0
Short Blades   | |  1.0
Dodging        | |  2.0
Evocations     | |  3.2

Action                   |  1- 3 |  4- 6 || total
-------------------------+-------+-------++-------
Melee: Unarmed           |    46 |    26 ||    72
Evoke: Wand              |       |     1 ||     1
  Use: Scroll            |     3 |       ||     3
       Potion            |       |     1 ||     1
 Stab: Sleeping          |     6 |       ||     6
